Map: Tours du crépuscule

Players

Worming

  • Race: Zerg Zerg
  • League: Diamond

Pepone - Winner!

  • Race: Zerg Zerg
  • League: Diamond

VOD

Have the link to the VOD?

Description

Time

  • Played on: July 5, 2016, 2:52 p.m.
  • Length: 12:57
Show
View Real Time Build Order
Export as new Build Order

Worming Zerg 

Build Orders: Hatch First, Lurkers 

Get SALT Encoding   

  12  0:01  Drone  
  13  0:12  Overlord  
  13  0:17  Drone  
  14  0:30  Drone x2  
  16  0:36  Drone  
  17  0:53  Hatchery  
  17  0:56  Drone  
  17  1:00  Extractor  
  17  1:01  Drone  
  17  1:18  Drone  
  17  1:20  Spawning Pool  
  17  1:26  Drone  
  17  1:29  Drone  
  19  1:42  Drone  
  20  1:54  Overlord  
  20  2:08  Queen x2  
  22  2:10  Metabolic Boost, Zergling x4  
  22  2:13  Drone  
  27  2:20  Drone  
  28  2:27  Drone x2  
  30  2:39  Drone x2  
  32  2:46  Baneling Nest  
  32  2:48  Drone  
  32  2:49  Drone  
  33  2:57  Overlord  
  33  3:09  Evolution Chamber  
  32  3:19  Drone x4  
  40  3:20  Drone x6  
  40  3:24  Roach Warren  
  40  3:26  Lair  
  42  3:30  Overlord  
  42  3:49  Hatchery  
  42  3:53  Zerg Missile Weapons Level 1  
  41  3:55  Overlord  
  41  3:56  Overlord  
  41  4:08  Extractor  
  41  4:09  Drone x5  
  47  4:10  Drone x3, Extractor  
  49  4:17  Roach  
  49  4:19  Spine Crawler  
  49  4:22  Roach, Spine Crawler  
  48  4:28  Roach  
  48  4:29  Drone, Roach  
  52  4:39  Roach x3  
  58  4:47  Overlord  
  58  4:48  Roach x3  
  60  5:09  Roach  
  60  5:10  Roach x7  
  72  5:20  Roach x2  
  62  5:40  Drone x4  
  66  5:43  Glial Reconstitution  
  66  5:48  Zergling x6  
  66  5:49  Baneling Nest  
  68  6:02  Ravager  
  69  6:08  Overseer  
  69  6:10  Hatchery  
  68  6:12  Overlord  
  68  6:32  Ravager  
  69  6:39  Zerg Missile Weapons Level 2  
  69  6:41  Hydralisk Den  
  68  6:50  Drone x9  
  68  6:51  Drone x4  
  80  7:03  Drone x2  
  80  7:04  Extractor  
  80  7:05  Queen  
  83  7:14  Lurker Den  
  82  7:17  Drone  
  82  7:19  Overlord  
  82  7:21  Queen  
  85  7:30  Drone x2  
  85  7:31  Overlord x2  
  85  7:34  Hydralisk  
  89  7:37  Hydralisk x2  
  89  7:40  Hydralisk  
  95  7:56  Hydralisk x5  
  95  7:58  Zergling x4  
  107  8:10  Zergling x12  
  113  8:15  Overlord  
  113  8:17  Overlord x2  
  113  8:23  Spine Crawler  
  113  8:24  Spine Crawler  
  111  8:36  Overlord  
  111  8:40  Zergling x6  
  114  8:54  Lurker x4  
  118  9:04  Hatchery  
  117  9:27  Overlord, Hydralisk x11  
  130  9:38  Hydralisk x5  
  110  9:39  Zergling x2  
  99  9:51  Hydralisk x3  
  97  9:56  Extractor  
  97  9:59  Spore Crawler  
  95  10:02  Drone x2  
  97  10:07  Hydralisk x3  
  97  10:08  Zergling x2  
  97  10:09  Zergling x8  
  108  10:20  Muscular Augments  
  108  10:28  Extractor  
  107  10:35  Infestation Pit  
  106  10:36  Drone  
  106  10:38  Spore Crawler  
  106  10:39  Spore Crawler  
  102  10:48  Zerg Ground Armor Level 1  
  102  10:50  Drone x11  
  113  11:04  Spore Crawler, Zergling x2  
  113  11:05  Zergling x10  
  113  11:11  Pathogen Glands  
  118  11:22  Spore Crawler x2  
  118  11:23  Overlord x2  
  116  11:33  Roach x2  
  116  11:36  Overseer  
  116  11:37  Pneumatized Carapace  
  120  11:44  Infestor  
  120  11:45  Infestor x2  
  120  11:57  Spore Crawler  
  120  12:00  Queen  
  119  12:04  Spore Crawler  
  116  12:16  Spore Crawler  
  116  12:19  Infestor x2  
  116  12:22  Hydralisk x3  
  119  12:23  Roach, Hydralisk  
  119  12:24  Zergling x2, Roach x3  
  119  12:26  Overlord  
Show
View Real Time Build Order
Export as new Build Order

Pepone Zerg - Winner!

Build Orders: Hatch First, Zergling Baneling 

Get SALT Encoding   

  12  0:01  Drone  
  13  0:08  Drone  
  14  0:15  Extractor  
  14  0:16  Drone  
  15  0:22  Overlord  
  15  0:40  Drone  
  15  0:41  Drone  
  17  0:52  Hatchery  
  17  0:56  Drone  
  17  0:58  Drone  
  17  1:03  Extractor  
  17  1:14  Spawning Pool  
  17  1:17  Drone  
  17  1:20  Drone  
  18  1:29  Drone  
  19  1:38  Overlord  
  19  1:54  Drone  
  20  2:03  Queen  
  20  2:04  Metabolic Boost  
  20  2:05  Queen  
  20  2:07  Zergling x4  
  26  2:12  Drone  
  27  2:16  Drone  
  28  2:25  Drone  
  29  2:36  Drone x3  
  32  2:39  Baneling Nest  
  32  2:40  Queen  
  33  2:45  Drone  
  34  3:00  Drone  
  35  3:08  Extractor  
  34  3:17  Hatchery  
  33  3:24  Zergling x2  
  33  3:25  Zergling x2  
  33  3:27  Overlord x2  
  35  3:32  Overlord  
  35  3:49  Zergling x2  
  35  3:50  Zergling x8  
  40  3:59  Zergling x6  
  40  4:00  Zergling x2  
  44  4:09  Drone x3  
  47  4:14  Drone x2  
  49  4:33  Zergling x10  
  49  4:34  Zergling x4  
  56  4:40  Baneling x9  
  56  4:41  Baneling x3  
  56  4:47  Drone x6  
  59  5:10  Drone  
  59  5:11  Drone x7  
  59  5:12  Overlord x4  
  57  5:33  Drone x7  
  62  5:39  Extractor  
  62  5:41  Extractor x2, Roach Warren  
  58  5:45  Zergling x6  
  61  5:50  Zergling x4  
  61  5:51  Spine Crawler  
  61  5:52  Spine Crawler  
  61  5:53  Spine Crawler x2  
  61  5:54  Spine Crawler  
  61  5:55  Spine Crawler  
  57  5:58  Zergling x4  
  57  5:59  Zergling x2  
  60  6:10  Zergling x16  
  64  6:29  Baneling x3  
  64  6:30  Baneling  
  64  6:31  Drone x4  
  64  6:32  Drone x3  
  71  6:34  Lair  
  71  6:36  Drone x5, Extractor  
  71  6:37  Extractor  
  60  7:09  Drone x5  
  60  7:10  Drone x4  
  69  7:17  Drone  
  69  7:18  Drone x4  
  69  7:19  Drone  
  75  7:29  Overlord  
  75  7:30  Drone x3  
  75  7:31  Drone  
  75  7:34  Drone  
  75  7:35  Spire  
  79  7:38  Spore Crawler  
  79  7:40  Spore Crawler  
  79  7:43  Spore Crawler  
  76  7:45  Drone  
  76  7:49  Spore Crawler  
  76  7:51  Overlord  
  76  7:52  Spore Crawler, Zergling x14  
  76  7:57  Evolution Chamber  
  81  7:58  Evolution Chamber  
  81  8:04  Hatchery  
  79  8:25  Overlord, Zerg Melee Weapons Level 1, Zerg Ground Armor Level 1  
  79  8:26  Overlord x4  
  79  8:33  Extractor  
  78  8:36  Overlord  
  78  8:38  Extractor  
  77  8:41  Drone  
  77  8:47  Drone x3  
  80  8:50  Zerg Flyer Weapons Level 1, Mutalisk  
  80  8:51  Mutalisk x11  
  104  8:57  Baneling  
  104  8:58  Baneling x11  
  104  9:04  Baneling  
  104  9:05  Baneling x3, Mutalisk  
  104  9:06  Mutalisk  
  108  9:17  Zergling x22  
  115  9:31  Overseer  
  101  9:49  Pneumatized Carapace  
  101  9:52  Mutalisk  
  101  9:53  Mutalisk x5  
  113  10:03  Mutalisk  
  113  10:04  Mutalisk  
  117  10:11  Hatchery  
  117  10:12  Hatchery  
  115  10:19  Zergling x2  
  115  10:20  Zergling x28  
  130  10:25  Hatchery  
  129  10:29  Zergling x2  
  129  10:30  Zergling x4  
  132  10:43  Mutalisk x6  
  132  10:46  Zergling x8  
  148  11:00  Overseer  
  148  11:06  Drone x5  
  148  11:08  Extractor  
  148  11:11  Zergling x2  
  153  11:13  Centrifical Hooks  
  153  11:18  Overseer  
  153  11:33  Zergling x2  
  153  11:34  Zergling x22  
  165  11:42  Infestation Pit  
  165  11:44  Hydralisk Den  
  153  12:09  Zergling x4  
  153  12:10  Zergling x32  
  153  12:13  Baneling x9  
  153  12:14  Baneling x15  
Tags
 
Add a new tag
Caveats
  • Supply blocks, unpowered buildings, or Contaminate may cause inaccurate times.
  • Supply counts are checked every 10 seconds.